 Dungeon Crawl Stone Soup version 0.21.1-1-g345015f (webtiles) character file.

28 tidbits the Charmwright (level 3, 0/31 HPs)
             Began as a Gnoll Skald on June 18, 2018.
             Slain by Terence
             ... wielding a +0 trident
              (7 damage)
             ... on level 2 of the Dungeon.
             The game lasted 00:02:30 (267 turns).

tidbits the Charmwright (Gnoll Skald)                Turns: 267, Time: 00:02:30

Health: 0/31       AC:  3    Str: 13    XL:     3   Next: 14%
Magic:  3/9        EV: 14    Int: 16    God:
Gold:   21         SH:  0    Dex: 14    Spells: 1/12 levels left

rFire    . . .     SeeInvis .   a - +0 hand axe
rCold    . . .     Gourm    .   (no shield)
rNeg     . . .     Faith    .   b - +0 leather armour
rPois    .         Spirit   .   (no helmet)
rElec    .         Reflect  .   (no cloak)
rCorr    .         Harm     .   (no gloves)
MR       .....                  (no boots)
Stlth    +.........             (no amulet)
HPRegen  0.10/turn              (no ring)
MPRegen  0.11/turn              (no ring)

@: no status effects
A: distributed training, fangs 1, strong nose
a: no special abilities


You were on level 2 of the Dungeon.
You were not hungry.

You visited 1 branch of the dungeon, and saw 2 of its levels.

You collected 21 gold pieces.

Inventory:

Hand Weapons
 a - a +0 hand axe (weapon)
 f - a +0 dagger
Armour
 b - a +0 leather armour (worn)
Scrolls
 e - 3 scrolls of enchant weapon {unknown}
 g - 2 scrolls of teleportation {unknown}
 i - a scroll of remove curse {unknown}
 j - a scroll of enchant armour {unknown}
Books
 c - a book of Battle

   Spells                             Type                      Level
   a - Infusion                       Charms                       1
   b - Shroud of Golubria             Charms/Translocation         2
   c - Song of Slaying                Charms                       2
   d - Spectral Weapon                Hexes/Charms                 3
   e - Regeneration                   Charms/Necromancy            3
Comestibles
 d - 2 rations


   Skills:
 + Level 4.5 Fighting
 + Level 0.6 Short Blades
 + Level 0.6 Long Blades
 + Level 4.5 Axes
 + Level 0.6 Maces & Flails
 + Level 0.6 Polearms
 + Level 0.6 Staves
 + Level 0.6 Slings
 + Level 0.6 Bows
 + Level 0.6 Crossbows
 + Level 0.6 Throwing
 + Level 2.5 Armour
 + Level 4.5 Dodging
 + Level 0.6 Stealth
 + Level 0.6 Shields
 + Level 0.6 Unarmed Combat
 + Level 5.0 Spellcasting
 + Level 0.4 Conjurations
 + Level 0.4 Hexes
 + Level 5.4 Charms
 + Level 0.4 Summonings
 + Level 0.4 Necromancy
 + Level 0.4 Translocations
 + Level 0.4 Transmutations
 + Level 0.4 Fire Magic
 + Level 0.4 Ice Magic
 + Level 0.4 Air Magic
 + Level 0.4 Earth Magic
 + Level 0.4 Poison Magic
 + Level 0.8 Invocations
 + Level 0.6 Evocations


You had one spell level left.
You knew the following spells:

 Your Spells              Type           Power        Failure   Level  Hunger
g - Shroud of Golubria    Chrm/Tloc      ##........   9%          2    #......
i - Infusion              Chrm           ###.         1%          1    None
r - Regeneration          Chrm/Necr      ##........   17%         3    ###....
w - Spectral Weapon       Hex/Chrm       ##......     17%         3    ###....
y - Song of Slaying       Chrm           ###.....     3%          2    #......


Dungeon Overview and Level Annotations

Branches:
Dungeon (2/15)

Altars:

Annotations:
D:2 Terence


Innate Abilities, Weirdness & Mutations

Your experience applies equally to all skills.
You have very sharp teeth.
Your uncanny sense of smell can sniff out nearby items.


Message History

Casting: Infusion
Confirm with . or Enter, or press ? or * to list all spells.
You begin infusing your attacks with magical energy.
The goblin shouts!
You hear a shout!
You closely miss the adder. The adder closely misses you.
You completely miss the adder. The adder closely misses you.
The adder bites you.
* * * LOW HITPOINT WARNING * * *
You closely miss the adder. The adder completely misses you.
You hit the adder!
The adder is severely wounded.
You hit the goblin!
You kill the goblin!
The adder barely misses you. The adder closely misses you.
You hit the adder.
You kill the adder!
You have reached level 3!
Your experience leads to an increase in your attributes!
Increase (S)trength, (I)ntelligence, or (D)exterity?
You feel clever.
Memorise Song of Slaying, consuming 2 spell levels and leaving 8?
You start memorising the spell.
You continue memorising. x2
You finish memorising.
Spell assigned to 'y'.
Memorise Shroud of Golubria, consuming 2 spell levels and leaving 6?
You start memorising the spell.
You continue memorising. x2
You finish memorising.
Spell assigned to 'g'.
Memorise Regeneration, consuming 3 spell levels and leaving 3?
You start memorising the spell.
You continue memorising.
Your magical infusion is running out.
You continue memorising. x2
You finish memorising.
Spell assigned to 'r'.
Memorise Spectral Weapon, consuming 3 spell levels and leaving 0?
You start memorising the spell.
You continue memorising. x3
You are no longer magically infusing your attacks.
You finish memorising.
Spell assigned to 'w'.
Things that are here:
a dagger; 2 dark potions
Found a stone staircase leading down.
A giant cockroach comes into view.
A rat comes into view.
Unknown command.
Unknown command.
Found a club.
Unknown command.
Found 25 stones.
You barely miss the rat. The rat bites you but does no damage.
A goblin comes into view.
Casting: Infusion
Confirm with . or Enter, or press ? or * to list all spells.
You draw out your weapon's spirit!
The goblin shouts!
The rat bites you but does no damage.
The giant cockroach bites you but does no damage.
Unknown command.
You hit the rat but do no damage. You closely miss the giant cockroach.
The giant cockroach barely misses you. The rat closely misses you.
Your spectral weapon hits the rat!
You kill the rat!
Your Spellcasting skill increases to level 5!
Your spectral weapon hits the giant cockroach but does no damage.
Terence the Incautious comes into view.
He is wielding a trident.
Okay, then.
You hit the giant cockroach.
The giant cockroach is heavily wounded.
Your spectral weapon hits the giant cockroach.
You kill the giant cockroach!
It was a potion of curing.
You feel better.
You see here a rat corpse.
You hit the goblin.
The goblin is moderately wounded.
Your spectral weapon hits the goblin!
You kill the goblin!
Terence closely misses you.
Things that are here:
a hunting sling; a scroll labeled RAEMOUKYRUN You hit Terence.
Terence is lightly wounded.
Your spectral weapon hits Terence but does no damage.
Terence hits you with a trident.
You hit Terence but do no damage.
Terence is lightly wounded.
Your spectral weapon barely misses Terence.
Terence misses you.
You hit Terence but do no damage.
Terence is lightly wounded.
Your spectral weapon barely misses Terence.
Terence closely misses you.
You closely miss Terence.
Terence is lightly wounded.
Your spectral weapon closely misses Terence.
Terence hits you with a trident.
* * * LOW HITPOINT WARNING * * *
You closely miss Terence. You bite Terence, but do no damage.
Terence is lightly wounded.
Your spectral weapon hits Terence!
Terence hits you with a trident.
* * * LOW HITPOINT WARNING * * *
You hit Terence.
Terence is heavily wounded.
Your spectral weapon hits Terence.
Terence hits you with a trident!
You die...

......... .........
........# .# .....)..#
..# (.......####.#
.............#
#......@.....###.
#..@(.......
#.##..†......#
#............#
....#>........# ##.
#.........# ####### #
#.........# #......
............####......
#.#.........#.........
#.#...........†.......


You could see Terence and a friendly spectral hand axe.

Vanquished Creatures
  An adder (D:2)
  A worm (D:2)
  A dart slug (D:2)
  A giant cockroach (D:2)
  6 goblins
  2 hobgoblins
  A bat (D:1)
  A kobold (D:1)
  A rat (D:2)
15 creatures vanquished.

Notes
Turn   | Place    | Note
-------+----------+-------------------------------------------
     0 | D:1      | tidbits the Gnoll Skald began the quest for the Orb.
     0 | D:1      | Reached XP level 1. HP: 20/20 MP: 6/6
   118 | D:2      | Reached XP level 2. HP: 19/26 MP: 3/7
   229 | D:2      | Reached XP level 3. HP: 12/31 MP: 1/9
   233 | D:2      | Learned a level 2 spell: Song of Slaying
   236 | D:2      | Learned a level 2 spell: Shroud of Golubria
   240 | D:2      | Learned a level 3 spell: Regeneration
   244 | D:2      | Learned a level 3 spell: Spectral Weapon
   256 | D:2      | Reached skill level 5 in Spellcasting
   257 | D:2      | Noticed Terence
   267 | D:2      | Slain by Terence

Skill      XL: |  1  2  3 |
---------------+----------+-----
Spellcasting   | 5 |  5.0
Fighting       | |  4.5
Short Blades   | |  0.6
Long Blades    | |  0.6
Axes           | |  4.5
Maces & Flails | |  0.6
Polearms       | |  0.6
Staves         | |  0.6
Slings         | |  0.6
Bows           | |  0.6
Crossbows      | |  0.6
Throwing       | |  0.6
Armour         | |  2.5
Dodging        | |  4.5
Stealth        | |  0.6
Shields        | |  0.6
Unarmed Combat | |  0.6
Conjurations   | |  0.4
Hexes          | |  0.4
Charms         | |  5.4
Summonings     | |  0.4
Necromancy     | |  0.4
Translocations | |  0.4
Transmutations | |  0.4
Fire Magic     | |  0.4
Ice Magic      | |  0.4
Air Magic      | |  0.4
Earth Magic    | |  0.4
Poison Magic   | |  0.4
Invocations    | |  0.8
Evocations     | |  0.6

Action                   || total
-------------------------++-------
Melee: Hand axe          ||    38
       Bite              ||     3
 Cast: Infusion          ||     7
       Spectral Weapon   ||     1
  Use: Potion            ||     1
Armor: Leather armour    ||     4
Dodge: Dodged            ||    20

Table legend:
 A = Turns spent in this place as a percentage of turns spent in the entire game.
 B = Non-inter-level travel turns spent in this place as a percentage of non-inter-level travel turns spent in the entire game.
 C = Inter-level travel turns spent in this place as a percentage of turns spent in this place.
 D = Turns resting spent in this place as a percentage of non-inter-level travel turns spent in this place.
 E = Turns spent auto-exploring this place as a percentage of non-inter-level travel turns spent in this place.
 F = Non-inter-level travel turns spent in this place divided by the number of levels of this place that you've seen.
                   A       B       C       D       E      F
               +-------+-------+-------+-------+-------+----------------------
         Total | 100.0 | 100.0 |   0.0 |   0.0 |   0.0 | 133.5
       Dungeon | 100.0 | 100.0 |   0.0 |   0.0 |   0.0 | 133.5
               +-------+-------+-------+-------+-------+----------------------

Table legend:
 A = Kills in this place as a percentage of kills in entire the game.
 B = Kills by you in this place as a percentage of kills by you in the entire game.
 C = Kills by friends in this place as a percentage of kills by friends in the entire game.
 D = Other kills in this place as a percentage of other kills in the entire game.
 E = Experience gained in this place as a percentage of experience gained in the entire game.
 F = Experience gained in this place divided by the number of levels of this place that you have seen.
                   A       B       C       D       E      F
               +-------+-------+-------+-------+-------+----------------------
         Total | 100.0 | 100.0 |   N/A |   N/A | 100.0 |  20.5
       Dungeon | 100.0 | 100.0 |   N/A |   N/A | 100.0 |  20.5
               +-------+-------+-------+-------+-------+----------------------

Vault maps used:
D:1:      roderic_dead_forest, minmay_fountain_box
D:2:      uniq_robin, uniq_terence, uniq_jessica
